 Dungeon Crawl Stone Soup version 0.29-a0-384-g6960b1960d (webtiles) character file.

Game seed: 16194895430121736689

46 spaghetti the Poker (level 3, -2/35 HPs)
             Began as a Gnoll Chaos Knight on May 6, 2022.
             Was a Plaything of Xom.
             Slain by a gnoll
             ... wielding a +0 whip
              (4 damage)
             ... on level 2 of the Dungeon.
             The game lasted 00:02:03 (1078 turns).

spaghetti the Poker (Gnoll Chaos Knight)            Turns: 1078, Time: 00:02:04

Health: -2/35      AC:  5    Str: 11    XL:     3   Next: 66%
Magic:  4/4        EV: 12    Int: 13    God:    Xom [...*..]
Gold:   133        SH:  0    Dex: 11    Spells: 3/3 levels left

rFire   . . .      SeeInvis .   a - +1 spear (chaos) {polearm}
rCold   . . .      Faith    .   (no shield)
rNeg    . . .      Spirit   .   b - +2 leather armour
rPois   .          Reflect  .   (no helmet)
rElec   .          Harm     .   (no cloak)
rCorr   .          Rampage  .   (no gloves)
Will    .....                   (no boots)
Stlth   +.........              (no amulet)
HPRegen 0.11/turn               (no ring)
MPRegen 0.09/turn               (no ring)

@: no status effects
A: fangs 1, strong nose, distributed training
a: Renounce Religion


You were on level 2 of the Dungeon.
You worshipped Xom.
You were a favourite toy of Xom.
You visited 1 branch of the dungeon, and saw 2 of its levels.

You collected 133 gold pieces.


Innate Abilities, Weirdness & Mutations

You have very sharp teeth.
Your uncanny sense of smell can sniff out nearby items.
Your experience applies equally to all skills.


   Skills:
 + Level 6.5 Fighting
 + Level 0.9 Short Blades
 + Level 0.9 Long Blades
 + Level 0.9 Axes
 + Level 0.9 Maces & Flails
 + Level 6.5 Polearms
 + Level 0.9 Staves
 + Level 0.9 Slings
 + Level 0.9 Bows
 + Level 0.9 Crossbows
 + Level 0.9 Throwing
 + Level 4.5 Armour
 + Level 2.6 Dodging
 + Level 0.9 Stealth
 + Level 0.9 Shields
 + Level 0.9 Unarmed Combat
 + Level 0.9 Spellcasting
 + Level 0.6 Conjurations
 + Level 0.6 Hexes
 + Level 0.6 Summonings
 + Level 0.6 Necromancy
 + Level 0.6 Translocations
 + Level 0.6 Transmutations
 + Level 0.6 Fire Magic
 + Level 0.6 Ice Magic
 + Level 0.6 Air Magic
 + Level 0.6 Earth Magic
 + Level 0.6 Poison Magic
 + Level 1.0 Invocations
 + Level 0.9 Evocations


You had 3 spell levels left.
You didn't know any spells.
Your spell library contained the following spells:

 Spells                   Type           Power      Damage    Failure   Level
 Slow                     Hex            8%         N/A       28%         1
 Confusing Touch          Hex            2%         N/A       63%         3
 Vampiric Draining        Necr           2%         2d6       63%         3

Inventory:

Hand Weapons
 a - a +1 spear of chaos (weapon) {polearm}
Missiles
 d - 63 stones {throwing}
 h - 5 boomerangs {throwing}
Armour
 b - a +2 leather armour (worn)
Scrolls
 f - a scroll of identify {unknown}
 i - a scroll of magic mapping {unknown}
Potions
 e - a potion of cancellation
 j - a potion of heal wounds {unknown}
 k - a potion of curing {unknown}
Miscellaneous
 c - a piece from Xom's chessboard (15/15) (quivered)

Dungeon Overview and Level Annotations

Branches:
Dungeon (2/15)

Altars:

.# ........... . .#
#.........#.# ..
#........... .#
.#........... .#
..........# ##.#
#g........#
#..###..........#
##...##..........#
##.@g..#............
#.ggg.............##
#..K...............
#..g................
##......###
##.....## #...†...#
#.......# #$......#


You could see 4 gnolls, a hobgoblin and a kobold.


Message History

Your surroundings suddenly seem different.
A gnoll and a quokka come into view.
Unknown command.
Unknown command.
A kobold comes into view. It is wielding a +0 dagger.
The kobold shouts!
You hear a shout!
A gnoll comes into view. It is wielding a +0 club.
A gnoll comes into view. It is wielding a +0 whip.
A gnoll comes into view. It is wielding a +0 club.
You reach to attack!
The gnoll shouts! x3
You hit the quokka. You burn the quokka. You barely miss the quokka.
The quokka barely misses you.
You closely miss the quokka.
The quokka bites you but does no damage.
You hit the quokka.
You kill the quokka!
The gnoll misses you.
You hit the gnoll. You hit the gnoll. You freeze the gnoll.
You punch the gnoll, but do no damage. "Whee!"
Your surroundings suddenly seem different.
Your surroundings suddenly seem different.
Your surroundings seem slightly different.
Your surroundings suddenly seem different.
A hobgoblin comes into view.
Your surroundings suddenly seem different.
Your surroundings suddenly seem different.
Your surroundings seem slightly different.
Your surroundings suddenly seem different.
Your surroundings suddenly seem different.
The hobgoblin moves out of view.
Unknown command.
Unknown command.
You hit the gnoll. The gnoll closely misses you.
The gnoll completely misses you.
The hobgoblin shouts!
You hit the gnoll. You burn the gnoll. The gnoll closely misses you.
The gnoll hits you but does no damage. The gnoll misses you.
You barely miss the gnoll. The gnoll hits you with a +0 club. x2
The hobgoblin throws a stone.
The stone barely misses you. The gnoll closely misses you.
You are too injured to fight recklessly! 😕 HP[-3]
You take 3 damage, and now have 32/35 hp.
You are too injured to fight recklessly!
You are too injured to fight recklessly!
You are too injured to fight recklessly!
You are too injured to fight recklessly!
You are too injured to fight recklessly!
You are too injured to fight recklessly!
You are too injured to fight recklessly!
You are too injured to fight recklessly!
You are too injured to fight recklessly!
You are too injured to fight recklessly!
You are too injured to fight recklessly!
You are too injured to fight recklessly!
You are too injured to fight recklessly!
You are too injured to fight recklessly!
You are too injured to fight recklessly!
You are too injured to fight recklessly!
You hit the gnoll but do no damage. "Hum-dee-hum-dee-hum..."
The gnoll seems to speed up.
You are now a favourite toy of Xom.
The gnoll hits you with a +0 club. 😕 HP[-4]
You take 4 damage, and now have 28/35 hp.
Unknown command.
Unknown command.
You hit the gnoll but do no damage. The gnoll misses you.
The gnoll hits you with a +0 club.
The gnoll hits you but does no damage. 😮 HP[-3]
You take 3 damage, and now have 25/35 hp.
You barely miss the gnoll. The gnoll hits you with a +0 club.
The hobgoblin throws a stone.
The stone closely misses you. The gnoll closely misses you.
The gnoll hits you with a +0 club.
* * * LOW HITPOINT WARNING * * *
😨 HP[-10]
You take 10 damage, and now have 15/35 hp.
MASSIVE DAMAGE!! (PAUSE)
As you read the scroll labelled QUANAN IMMEREG, it crumbles to dust.
It is a scroll of enchant weapon.
Your +0 spear of chaos {polearm} glows red for a moment.
The gnoll hits you but does no damage. The gnoll hits you with a +0 whip.
* * * LOW HITPOINT WARNING * * *
The gnoll hits you with a +0 club.
* * * LOW HITPOINT WARNING * * *
😱 HP[-8]
You take 8 damage, and now have 7/35 hp.
MASSIVE DAMAGE!! (PAUSE) It was a potion of cancellation.
You feel magically purged.
Xom thinks this is hilarious!
The gnoll hits you with a +0 club.
* * * LOW HITPOINT WARNING * * *
The gnoll closely misses you. The gnoll hits you with a +0 club.
* * * LOW HITPOINT WARNING * * *
The gnoll hits you with a +0 whip.
You die...
Xom chortles!

Skill      XL: |  1  2  3 |
---------------+----------+-----
Invocations    | 1 |  1.0
Fighting       | |  6.5
Short Blades   | |  0.9
Long Blades    | |  0.9
Axes           | |  0.9
Maces & Flails | |  0.9
Polearms       | |  6.5
Staves         | |  0.9
Slings         | |  0.9
Bows           | |  0.9
Crossbows      | |  0.9
Throwing       | |  0.9
Armour         | |  4.5
Dodging        | |  2.6
Stealth        | |  0.9
Shields        | |  0.9
Unarmed Combat | |  0.9
Spellcasting   | |  0.9
Conjurations   | |  0.6
Hexes          | |  0.6
Summonings     | |  0.6
Necromancy     | |  0.6
Translocations | |  0.6
Transmutations | |  0.6
Fire Magic     | |  0.6
Ice Magic      | |  0.6
Air Magic      | |  0.6
Earth Magic    | |  0.6
Poison Magic   | |  0.6
Evocations     | |  0.9

Action                   || total
-------------------------++-------
Melee: Spear             ||   125
       Bite              ||    13
       Punch             ||     2
Evoke: Piece from Xom's  ||     1
  Use: Scroll            ||     1
       Potion            ||     1
 Stab: Paralysed         ||     1
Armor: Leather armour    ||    21
Dodge: Dodged            ||    51

Levels and vault maps discovered:
D:1:      dpeg_arrival_tiny_g, layout_basic, serial_bayou,
          serial_bayou_lagoon_a, serial_bayou_shore_b, serial_bayou_pond_d,
          serial_bayou_pond_e, serial_bayou_crossing
D:2:      layout_rooms

Notes
Turn   | Place    | Note
-------+----------+-------------------------------------------
     0 | D:1      | spaghetti the Gnoll Chaos Knight began the quest for the
                  | Orb.
     0 | D:1      | Reached XP level 1. HP: 23/23 MP: 1/1
     0 | D:1      | magus.rc [v1.9.6]
     8 | D:1      | XOM: potion effect (haste)
    59 | D:1      | Reached XP level 2. HP: 29/29 MP: 2/2
   137 | D:1      | XOM: silly message
   148 | D:1      | XOM: divination: detect creatures
   410 | D:1      | Reached XP level 3. HP: 35/35 MP: 3/3
   936 | D:2      | Reached skill level 1 in Invocations
  1056 | D:2      | You pick up a book of Debilitation and begin reading...
  1056 | D:2      | You add the spells Slow, Vampiric Draining and Confusing
                  | Touch to your library.
  1061 | D:2      | XOM: 6-stop teleportation journey
  1068 | D:2      | XOM: 9-stop teleportation journey
  1074 | D:2      | XOM: enchant monster (bad)
  1077 | D:2      | HP: 7/35 [gnoll/+0 club (6)]
  1078 | D:2      | HP: 2/35 [gnoll/+0 club (3)]
  1078 | D:2      | Slain by a gnoll

Vanquished Creatures
  A dart slug (D:1)
  2 ball pythons
  6 endoplasms
  3 giant cockroaches
  5 goblins
  5 hobgoblins
  2 jackals (D:1)
  A quokka (D:2)
  2 bats
  2 frilled lizards
  6 kobolds (D:1)
  3 rats
38 creatures vanquished.

Vanquished Creatures (others)
  26 plants (D:1)
26 creatures vanquished.

Grand Total: 64 creatures vanquished

Table legend:
 A = Non-vault XP
 B = Vault XP
 C = Vault XP percentage of total XP
 D = Non-vault monster count
 E = Vault monster count
 F = Vault count percentage of total count
                 A         B        C        D         E       F
            +---------+---------+-------+---------+---------+-------
      Total |      66 |       0 |   0.0 |      38 |       0 |   0.0
            +---------+---------+-------+---------+---------+-------
        D:1 |      44 |       0 |   0.0 |      25 |       0 |   0.0
        D:2 |      22 |       0 |   0.0 |      13 |       0 |   0.0
            +---------+---------+-------+---------+---------+-------

Illustrated notes

Table legend:
 A = Kills in this place as a percentage of kills in entire the game.
 B = Kills by you in this place as a percentage of kills by you in the entire game.
 C = Kills by friends in this place as a percentage of kills by friends in the entire game.
 D = Other kills in this place as a percentage of other kills in the entire game.
 E = Experience gained in this place as a percentage of experience gained in the entire game.
 F = Experience gained in this place divided by the number of levels of this place that you have seen.
                   A       B       C       D       E      F
               +-------+-------+-------+-------+-------+----------------------
         Total | 100.0 | 100.0 |   N/A |   N/A | 100.0 |  33.0
       Dungeon | 100.0 | 100.0 |   N/A |   N/A | 100.0 |  33.0
               +-------+-------+-------+-------+-------+----------------------

Table legend: (Time is in decaauts)
 A = Elapsed time spent in this place.
 B = Non-inter-level travel time spent in this place.
 C = Inter-level travel time spent in this place.
 D = Time resting spent in this place.
 E = Time spent auto-exploring this place.
 F = Levels seen in this place.
 G = Mean time per level.
                   A        B        C        D        E       F      G
               +--------+--------+--------+--------+--------+-----+--------+
         Total |   1050 |   1009 |     41 |      0 |    813 |   2 |  525.0 |
       Dungeon |   1050 |   1009 |     41 |      0 |    813 |   2 |  525.0 |
               +--------+--------+--------+--------+--------+-----+--------+

Top non-repeatable levels by time:
     D:1: 843 daAuts
     D:2: 207 daAuts
